Map: World of Sleepers LE

Players

Ratl - Winner!

  • Race: Protoss Protoss
  • League: Silver
  • Spawn Location: 1:00

A.I. 1 (Harder)

  • Race: Zerg Zerg
  • Spawn Location: 7:00

VOD

Have the link to the VOD?

Description

Time

  • Played on: Jan. 14, 2020, 2:41 p.m.
  • Length: 16:28
Show
View Real Time Build Order
Export as new Build Order

Ratl Protoss - Winner!

Build Orders:  

Get SALT Encoding   

  12  0:02  Probe  
  13  0:14  Probe  
  14  0:28  Pylon  
  14  0:29  Probe  
  15  0:46  Probe  
  16  0:56  Gateway  
  16  0:58  Probe  
  16  1:01  Gateway  
  17  1:10  Probe  
  18  1:11  Assimilator  
  18  1:22  Probe (Chrono Boost)  
  19  1:32  Assimilator  
  19  1:34  Probe (Chrono Boost)  
  20  1:42  Probe (Chrono Boost)  
  21  1:48  Probe  
  21  1:51  Cybernetics Core  
  21  2:00  Probe  
  22  2:14  Probe  
  23  2:19  Nexus  
  23  2:29  Pylon  
  23  2:47  Probe  
  26  2:51  Warp Gate (Chrono Boost)  
  26  2:52  Adept x2  
  28  2:59  Probe  
  28  3:02  Pylon  
  29  3:11  Probe  
  30  3:21  Pylon  
  30  3:23  Probe  
  31  3:28  Stargate  
  31  3:35  Probe x2  
  33  3:47  Probe x2  
  35  3:51  Robotics Facility  
  35  3:53  Adept x2  
  39  3:59  Probe x2  
  41  4:11  Probe x2  
  43  4:20  Oracle  
  43  4:23  Probe  
  47  4:24  Probe  
  47  4:30  Assimilator  
  48  4:32  Assimilator  
  48  4:35  Probe  
  48  4:36  Probe  
  46  4:39  Protoss Air Weapons Level 1  
  46  4:48  Probe, Immortal  
  46  4:49  Probe  
  52  5:00  Probe  
  52  5:01  Probe  
  52  5:04  Pylon  
  54  5:07  Gateway  
  54  5:09  Gateway, Stalker x2  
  54  5:11  Gateway  
  58  5:26  Oracle  
  58  5:27  Observer  
  62  5:37  Probe  
  62  5:38  Probe  
  64  5:48  Warp Prism  
  64  5:49  Probe  
  67  5:50  Probe, Stargate  
  64  6:16  Stalker x2  
  64  6:17  Stalker  
  66  6:24  Observer  
  63  6:36  Void Ray  
  67  6:47  Pylon  
  67  6:57  Nexus  
  67  6:59  Assimilator  
  67  7:02  Pylon  
  67  7:05  Pylon, Void Ray  
  67  7:07  Pylon  
  71  7:35  Probe (Chrono Boost)  
  73  7:39  Probe (Chrono Boost)  
  73  7:42  Immortal  
  73  7:43  Void Ray  
  82  7:45  Zealot  
  82  7:46  Probe (Chrono Boost), Zealot x4  
  82  7:49  Probe (Chrono Boost)  
  93  7:59  Probe  
  94  8:17  Probe x2  
  94  8:18  Probe  
  97  8:21  Protoss Air Armor Level 1 (Chrono Boost)  
  97  8:29  Probe  
  97  8:30  Probe x2  
  97  8:32  Assimilator  
  100  8:35  Immortal  
  100  8:39  Void Ray x2 (Chrono Boost)  
  112  8:42  Probe x3  
  115  8:51  Gateway  
  115  8:52  Gateway  
  114  8:57  Pylon, Stargate  
  114  9:00  Stargate  
  114  9:05  Stalker  
  116  9:13  Void Ray x2 (Chrono Boost)  
  124  9:17  Forge  
  124  9:18  Pylon  
  124  9:19  Pylon  
  124  9:20  Pylon  
  124  9:25  Shield Battery  
  124  9:33  Shield Battery  
  124  9:35  Shield Battery x2  
  124  9:36  Shield Battery  
  124  9:37  Pylon, Shield Battery  
  124  9:38  Shield Battery  
  124  9:41  Probe x3  
  124  9:44  Shield Battery  
  127  9:53  Nexus  
  127  9:55  Void Ray  
  131  10:00  Pylon  
  131  10:02  Pylon  
  131  10:04  Probe x3  
  131  10:06  Assimilator  
  134  10:09  Immortal  
  134  10:13  Void Ray  
  142  10:16  Probe x3  
  145  10:59  Void Ray x2  
  145  11:01  Probe x3  
  156  11:31  Fleet Beacon, Twilight Council  
  156  11:42  Void Ray  
  160  12:01  Void Ray  
  160  12:03  Immortal  
  160  12:04  Stalker x2  
  160  12:05  Zealot x4  
  160  12:06  Zealot  
  182  12:10  Unknown  
  182  12:18  Protoss Air Weapons Level 2 (Chrono Boost)  
  182  12:21  Robotics Facility  
  182  12:22  Robotics Facility  
  182  12:25  Void Ray  
  186  12:30  Cybernetics Core  
  186  12:39  Protoss Shields Level 1 (Chrono Boost)  
  186  12:43  Shield Battery x2  
  186  12:47  Shield Battery  
  186  12:49  Shield Battery  
  186  12:51  Pylon  
  186  12:54  Pylon  
  186  12:55  Pylon  
  186  13:09  Immortal, Void Ray  
  186  13:12  Void Ray  
  198  13:15  Nexus  
  198  13:17  Assimilator  
  198  13:22  Assimilator  
  198  13:24  Pylon  
  198  13:26  Pylon  
  194  13:28  Pylon  
  194  13:32  Pylon  
  190  13:34  Pylon  
  190  13:37  Pylon  
  190  13:49  Immortal  
  190  13:52  Void Ray  
  190  13:55  Void Ray  
  199  14:14  Stalker  
  199  14:15  Stalker  
  199  14:16  Protoss Air Armor Level 2 (Chrono Boost)  
  199  14:23  Zealot  
  199  14:24  Zealot x2  
  195  14:45  Stalker  
  195  14:46  Stalker x2  
  195  14:49  Void Ray  
  197  15:36  Stalker  
Show
View Real Time Build Order
Export as new Build Order

A.I. 1 (Harder) Zerg 

Build Orders: 1 Base Baneling Bust, Pool First, Muta Ling Bane, Zergling Baneling 

Get SALT Encoding   

  12  0:00  Drone  
  13  0:12  Overlord  
  13  0:16  Drone  
  14  0:30  Drone x2  
  16  0:42  Spawning Pool  
  15  0:45  Drone  
  15  0:49  Drone  
  17  0:52  Extractor  
  17  0:55  Drone  
  17  1:06  Overlord  
  17  1:30  Queen  
  17  1:31  Zergling x2  
  20  1:34  Zergling x2  
  20  1:38  Drone, Roach Warren  
  21  1:40  Extractor  
  20  1:49  Drone  
  20  1:54  Baneling Nest  
  20  2:00  Drone  
  21  2:10  Drone  
  22  2:21  Zergling x2  
  23  2:32  Drone  
  23  2:37  Zergling x2, Overlord  
  24  2:40  Zergling x2  
  24  2:43  Baneling x4  
  24  2:44  Zergling x2  
  27  2:54  Drone  
  28  3:01  Baneling  
  28  3:05  Zergling x2  
  29  3:07  Metabolic Boost  
  29  3:08  Zergling x2, Baneling  
  29  3:11  Zergling x2  
  31  3:15  Zergling x2  
  32  3:23  Overlord  
  32  3:27  Zergling x2  
  33  3:38  Zergling x2  
  33  3:41  Zergling x2  
  35  3:44  Zergling x2  
  35  3:47  Zergling x2  
  37  3:50  Baneling x3  
  37  3:52  Zergling x2  
  37  3:55  Baneling  
  38  4:00  Baneling  
  38  4:01  Zergling x2  
  39  4:04  Baneling  
  39  4:12  Zergling x2, Drone  
  39  4:17  Overlord  
  41  4:20  Drone  
  42  4:24  Drone  
  42  4:34  Zergling x2  
  42  4:37  Baneling x3  
  41  4:43  Zergling x2, Drone  
  41  4:45  Drone  
  44  4:48  Drone  
  45  4:55  Evolution Chamber  
  45  4:57  Drone  
  45  5:31  Lair  
  45  5:35  Overlord  
  45  5:40  Hatchery  
  38  6:12  Zerg Melee Weapons Level 1  
  38  6:15  Baneling  
  31  6:29  Spire  
  30  6:43  Zergling x2, Baneling  
  31  6:53  Drone x4  
  31  6:54  Drone x2  
  36  6:57  Extractor  
  36  6:59  Drone  
  37  7:04  Drone  
  37  7:06  Drone  
  36  7:10  Drone  
  36  7:13  Drone  
  38  7:16  Drone  
  38  7:18  Drone  
  38  7:22  Drone  
  34  7:25  Drone  
  34  7:26  Drone, Baneling  
  36  7:34  Drone  
  37  7:39  Drone  
  37  7:41  Drone  
  37  7:42  Mutalisk  
  41  7:45  Drone  
  41  7:47  Drone  
  43  7:52  Drone  
  43  7:55  Mutalisk, Drone x2  
  48  7:58  Drone  
  48  8:03  Drone, Burrow  
  50  8:06  Zerg Ground Armor Level 1  
  50  8:09  Mutalisk  
  50  8:11  Spore Crawler  
  51  8:13  Spore Crawler  
  51  8:14  Drone  
  51  8:19  Baneling  
  51  8:20  Zergling x2  
  51  8:21  Overseer  
  51  8:24  Drone  
  51  8:26  Drone x2  
  51  8:27  Drone, Baneling  
  56  8:31  Mutalisk  
  56  8:32  Centrifical Hooks  
  58  8:39  Zergling x2  
  59  8:45  Overlord  
  59  8:46  Mutalisk  
  61  8:53  Mutalisk  
  63  9:00  Mutalisk  
  65  9:04  Spine Crawler  
  65  9:06  Infestation Pit  
  65  9:07  Mutalisk  
  65  9:08  Overlord  
  65  9:10  Drone  
  66  9:25  Spine Crawler  
  66  9:26  Drone  
  66  9:27  Spore Crawler  
  66  9:28  Drone  
  66  9:34  Spore Crawler  
  66  9:36  Drone  
  66  9:39  Queen  
  66  9:45  Queen  
  70  9:53  Evolution Chamber  
  70  9:56  Hydralisk Den  
  70  9:57  Drone  
  69  10:00  Zergling x2, Spine Crawler, Zerg Missile Weapons Level 1  
  69  10:10  Zergling x2  
  69  10:12  Zergling x2  
  71  10:14  Zergling x2  
  71  10:15  Pneumatized Carapace, Overlord  
  71  10:16  Hatchery, Overseer  
  71  10:29  Zergling x2  
  71  10:30  Zergling x2  
  71  10:32  Zergling x2  
  71  10:33  Baneling  
  71  10:34  Zergling x2  
  71  10:35  Baneling  
  75  10:37  Drone  
  76  10:43  Zerg Melee Weapons Level 2  
  76  10:47  Overseer  
  76  11:00  Hive  
  76  11:08  Extractor, Drone  
  76  11:10  Zergling x2, Baneling  
  73  11:12  Zergling x2  
  73  11:15  Drone  
  73  11:16  Baneling  
  71  11:18  Drone  
  72  11:29  Spore Crawler, Drone, Zerg Flyer Weapons Level 1  
  72  11:30  Drone x3  
  72  11:31  Drone  
  76  11:35  Drone  
  76  11:36  Drone  
  78  11:40  Drone  
  78  11:42  Drone  
  80  11:47  Overlord  
  80  11:50  Drone  
  80  11:52  Drone  
  82  11:54  Drone, Zerg Ground Armor Level 2  
  82  11:55  Drone  
  82  11:57  Drone  
  82  11:58  Drone  
  82  12:00  Drone  
  87  12:02  Drone  
  87  12:03  Drone  
  87  12:05  Drone  
  87  12:08  Overlord  
  90  12:09  Drone  
  90  12:11  Drone  
  92  12:21  Spine Crawler  
  92  12:22  Drone  
  92  12:25  Spine Crawler  
  92  12:27  Spore Crawler, Drone  
  92  12:29  Drone  
  92  12:33  Spore Crawler  
  92  12:34  Drone  
  92  12:36  Queen  
  92  12:39  Overlord  
  92  12:42  Queen  
  96  12:46  Queen  
  98  12:53  Ultralisk Cavern, Drone  
  98  12:59  Spine Crawler  
  98  13:00  Drone  
  98  13:01  Spine Crawler  
  98  13:03  Drone  
  98  13:08  Roach  
  98  13:09  Hydralisk  
  98  13:10  Overlord  
  98  13:12  Roach  
  104  13:15  Lurker Den  
  104  13:16  Roach  
  104  13:18  Hydralisk  
  107  13:21  Hydralisk  
  107  13:24  Infestor  
  103  13:33  Zergling x2  
  82  13:38  Overseer  
  82  13:41  Ravager  
  83  13:42  Extractor, Roach  
  83  13:43  Extractor  
  83  13:47  Lair  
  83  13:52  Overlord  
  74  13:59  Roach  
  74  14:01  Overseer, Roach  
  74  14:02  Zergling x6  
  78  14:04  Drone  
  78  14:07  Drone x2  
  78  14:08  Hydralisk  
  71  14:10  Zergling x2  
  71  14:11  Hydralisk  
  71  14:12  Overlord  
  71  14:16  Drone  
  58  14:17  Drone x2, Hydralisk  
  58  14:18  Zergling x2  
  58  14:23  Hydralisk  
  48  14:26  Drone x2  
  48  14:28  Hydralisk  
  46  14:33  Hydralisk  
  46  14:34  Zergling x2  
  41  14:41  Hydralisk  
  38  14:49  Zergling x2  
  29  15:03  Drone, Overlord  
  24  15:11  Hydralisk Den  
  20  15:21  Overlord  
  20  15:26  Overlord  
  18  15:41  Drone  
  19  15:44  Drone, Hydralisk  
  19  15:45  Drone  
  18  15:51  Spawning Pool  
  18  15:54  Drone  
  14  16:06  Drone  
Tags
 
Add a new tag
Caveats
  • Supply blocks, unpowered buildings, or Contaminate may cause inaccurate times.
  • Supply counts are checked every 10 seconds.